[Event "Titled Tuesday Blitz April 4 Late 2023"]
[White "koncheto"]
[Black "Garrido, Denis"]
[BlackFideId "601217"]
[WhiteElo "2542"]
[BlackElo "2365"]
[Result "1-0"]
[Round "02"]
[TimeControl "180+2"]
[Date "2023.04.04"]
[WhiteClock "0:01:34"]
[BlackClock "0:01:11"]

1. e4 e5 2. Nf3 Nc6 3. Bc4 Nf6 4. d3 Bc5 5. c3 a6 6. Bb3 Ba7 7. O-O d6 8. Nbd2 O-O 9. h3 Nh5 10. Re1 Qf6 11. Nf1 h6 12. Ne3 Nf4 13. Nd5 Nxd5 14. Bxd5 Ne7 15. Bb3 Ng6 16. d4 Nf4 17. Bxf4 Qxf4 18. g3 Qf6 19. Kg2 Be6 20. Qd3 Rad8 21. Rad1 Bxb3 22. axb3 Rfe8 23. Nh4 g6 24. Qe3 Kg7 25. dxe5 dxe5 26. Qxa7 Qc6 27. Qe3 Qb5 28. b4 a5 29. bxa5 Qxb2 30. Rb1 Qa2 31. Rxb7 Qxa5 32. Qa7 Rd7 33. Qxa5 1-0


[Site "https://www.chess.com"]

[Event "Titled Tuesday Blitz April 4 Late 2023"]
[White "Peatman, Carter"]
[Black "Fonseca Manrique, Enrique"]
[WhiteFideId "2096480"]
[BlackFideId "5114330"]
[WhiteElo "2003"]
[BlackElo "2538"]
[Result "1-0"]
[Round "02"]
[TimeControl "180+2"]
[Date "2023.04.04"]
[WhiteClock "0:00:20"]
[BlackClock "0:00:13"]

1. d4 Nf6 2. Bf4 g6 3. e3 Bg7 4. Nf3 O-O 5. h3 d6 6. Bh2 Nc6 7. Be2 e5 8. O-O exd4 9. exd4 Re8 10. c3 a5 11. a4 b6 12. Na3 Bb7 13. Nb5 Ne7 14. Nd2 Qd7 15. Bf3 Bxf3 16. Qxf3 Nf5 17. Rfe1 c6 18. Na3 d5 19. Qd3 Ne4 20. Nxe4 dxe4 21. Rxe4 Rxe4 22. Qxe4 Re8 23. Qd3 c5 24. d5 Be5 25. Nc4 Bxh2+ 26. Kxh2 Nd6 27. Nxd6 Qxd6+ 28. g3 Re5 29. Rd1 Kg7 30. Kg2 f5 31. b3 h5 32. c4 h4 33. Rd2 hxg3 34. fxg3 Re4 35. h4 Qe5 36. Qf3 f4 37. d6 fxg3 38. d7 Rd4 39. d8=Q Rxd8 40. Rxd8 1-0


[Site "https://www.chess.com"]

[Event "Titled Tuesday Blitz April 4 Late 2023"]
[White "Escanor89"]
[Black "Stachanczyk, Jacek"]
[BlackFideId "1116657"]
[WhiteElo "2536"]
[BlackElo "2084"]
[Result "0-1"]
[Round "02"]
[TimeControl "180+2"]
[Date "2023.04.04"]
[WhiteClock "0:01:03"]
[BlackClock "0:02:23"]

1. e4 c5 2. Nf3 d6 3. Bb5+ Bd7 4. Bxd7+ Qxd7 5. c4 Nf6 6. Nc3 g6 7. d4 cxd4 8. Nxd4 Bg7 9. O-O O-O 10. f3 Rc8 11. b3 d5 12. exd5 Nxd5 13. Nxd5 e6 14. Bh6 exd5 15. Bxg7 Kxg7 16. cxd5 Qxd5 17. a4 Rd8 18. Nb5 Qc5+ 19. Kh1 Rxd1 20. Rfxd1 Nc6 21. Rac1 Rd8 0-1


[Site "https://www.chess.com"]

[Event "Titled Tuesday Blitz April 4 Late 2023"]
[White "Polanco Nunez, Yoel Estarling"]
[Black "Mekhane, Adam"]
[WhiteFideId "6401783"]
[BlackFideId "36050601"]
[WhiteElo "2132"]
[BlackElo "2177"]
[Result "0-1"]
[Round "02"]
[TimeControl "180+2"]
[Date "2023.04.04"]
[WhiteClock "0:00:19"]
[BlackClock "0:00:10"]

1. d4 Nf6 2. Nf3 g6 3. g3 Bg7 4. Bg2 O-O 5. O-O d6 6. Nc3 Nbd7 7. e4 e5 8. h3 c6 9. a4 Qc7 10. Qd3 Re8 11. Rd1 exd4 12. Nxd4 Nc5 13. Qc4 Nfxe4 14. Ndb5 cxb5 15. Nxb5 Qe7 16. Nxd6 Be6 17. Qb4 Nxd6 18. Qxc5 Nf5 19. Qxe7 Rxe7 20. c3 Rae8 21. Bg5 Rd7 22. Rxd7 Bxd7 23. Bxb7 Rb8 24. Bd5 Rxb2 25. c4 h6 26. Bf4 Bd4 27. Rf1 Bxa4 28. Kg2 g5 29. Bc1 Rc2 30. Be4 Nd6 31. Bxc2 Bxc2 32. h4 a5 33. hxg5 hxg5 34. Bxg5 a4 35. Rc1 Bb3 36. c5 Nc8 37. Be3 Bb2 38. Re1 a3 39. Bc1 Bxc1 40. Rxc1 Kf8 41. Kf3 Ke7 42. Ke4 Kd7 43. Kd4 Kc6 44. Kc3 Be6 45. Kb4 a2 46. g4 Bxg4 47. Re1 Be6 48. f4 Ne7 49. Ka3 Nf5 50. Kb4 Nd4 51. Kc3 Nb3 52. Kb2 a1=Q+ 53. Rxa1 Nxa1 54. Kxa1 Kxc5 55. Kb2 Kd4 0-1


[Site "https://www.chess.com"]

[Event "Titled Tuesday Blitz April 4 Late 2023"]
[White "Fiorito, Joaquin"]
[Black "Rodriguez Santiago, Jaime"]
[WhiteFideId "180173"]
[BlackFideId "3100898"]
[WhiteElo "2157"]
[BlackElo "2025"]
[Result "1-0"]
[Round "02"]
[TimeControl "180+2"]
[Date "2023.04.04"]
[WhiteClock "0:01:48"]
[BlackClock "0:01:12"]

1. d4 Nf6 2. c4 e6 3. Nc3 Bb4 4. f3 d5 5. a3 Bxc3+ 6. bxc3 O-O 7. cxd5 exd5 8. e3 Re8 9. Bd3 b6 10. Ne2 c5 11. O-O Nc6 12. Ng3 h5 13. Ra2 h4 14. Nf5 h3 15. gxh3 Bxf5 16. Bxf5 g6 17. Rg2 Kh7 18. Bb1 Qd7 19. Rg3 Nh5 20. Rg4 Nf6 21. Rh4+ Kg7 22. e4 dxe4 23. fxe4 cxd4 24. Bh6+ Kg8 25. Rxf6 1-0


[Site "https://www.chess.com"]

[Event "Titled Tuesday Blitz April 4 Late 2023"]
[White "Rian, Kapriaga"]
[Black "Kim, Sergey"]
[WhiteFideId "7103263"]
[BlackFideId "13700570"]
[WhiteElo "2338"]
[BlackElo "2531"]
[Result "0-1"]
[Round "02"]
[TimeControl "180+2"]
[Date "2023.04.04"]
[WhiteClock "0:00:04"]
[BlackClock "0:01:16"]

1. d4 Nf6 2. Nf3 g6 3. Bg5 Bg7 4. e3 d6 5. Nbd2 O-O 6. Be2 Nbd7 7. O-O b6 8. a4 a5 9. Re1 Bb7 10. h3 h6 11. Bh4 e5 12. Bxf6 Qxf6 13. c3 Qe7 14. Nh2 f5 15. Bf3 e4 16. Be2 Kh8 17. f4 g5 18. Rf1 Bf6 19. g3 gxf4 20. gxf4 Rg8+ 21. Kh1 Bh4 22. Bc4 Rg3 23. Qe2 d5 24. Bb3 Qf7 25. Rg1 Rxh3 26. Rg2 Nf6 27. Rag1 Rg8 28. Rxg8+ Nxg8 29. c4 Bg3 30. Nf1 Bxh2 31. Nxh2 Nf6 32. cxd5 Bxd5 33. Bxd5 Nxd5 0-1


[Site "https://www.chess.com"]

[Event "Titled Tuesday Blitz April 4 Late 2023"]
[White "Ortega Amarelle, Mariano"]
[Black "Novikova, Galina"]
[WhiteFideId "3504301"]
[BlackFideId "4157095"]
[WhiteElo "2406"]
[BlackElo "1953"]
[Result "1-0"]
[Round "02"]
[TimeControl "180+2"]
[Date "2023.04.04"]
[WhiteClock "0:01:17"]
[BlackClock "0:00:40"]

1. e4 e6 2. d4 d5 3. e5 c5 4. c3 Nc6 5. Nf3 Bd7 6. Bd3 Qc7 7. a3 f6 8. Qe2 O-O-O 9. h4 h6 10. Bf4 f5 11. h5 Kb8 12. dxc5 Bxc5 13. b4 Bb6 14. Nbd2 Nge7 15. Nh4 Be8 16. a4 a5 17. b5 Na7 18. c4 Ka8 19. Rc1 Bd4 20. Nb3 Bxh5 21. Qxh5 Bxe5 22. Bxe5 Qxe5+ 23. Qe2 Qf6 24. Nf3 g5 25. Ne5 Ng6 26. Nxg6 Qxg6 27. Nxa5 e5 28. cxd5 Rxd5 29. Bc4 Rdd8 30. O-O e4 31. Rfd1 h5 32. Bd5 Rd7 33. Nxb7 Rxb7 34. Rc7 Rb8 35. Rxb7 Rxb7 36. Qc4 Kb8 37. Bxb7 Kxb7 38. Rd7+ Ka8 39. Qd5+ 1-0


[Site "https://www.chess.com"]

[Event "Titled Tuesday Blitz April 4 Late 2023"]
[White "Kepeshchuk, Mykhaylo"]
[Black "Gutkin, Ilya"]
[WhiteFideId "14113139"]
[BlackFideId "16203470"]
[WhiteElo "2279"]
[BlackElo "2265"]
[Result "1-0"]
[Round "02"]
[TimeControl "180+2"]
[Date "2023.04.04"]
[WhiteClock "0:00:47"]
[BlackClock "0:00:03"]

1. d4 e6 2. c4 b6 3. Nf3 Bb7 4. g3 Bb4+ 5. Nbd2 f5 6. Bg2 Nf6 7. O-O O-O 8. a3 Be7 9. b4 Ne4 10. Bb2 Bf6 11. e3 d6 12. Qc2 Nxd2 13. Qxd2 Qe7 14. a4 c5 15. a5 Be4 16. axb6 Nc6 17. bxc5 dxc5 18. bxa7 Rxa7 19. Rxa7 Qxa7 20. Ra1 Qb6 21. dxc5 Qxb2 22. Qxb2 Bxb2 23. Ra6 Rd8 24. h4 Rd1+ 25. Kh2 Ra1 26. Rb6 Bc3 27. Ng5 Bxg2 28. Kxg2 h6 29. Nxe6 Ne5 30. c6 Nxc4 31. Rb8+ Kf7 32. c7 Nd6 33. Nd8+ Ke7 34. Nb7 Kd7 35. Nxd6 Kxc7 36. Rc8+ Kxd6 37. Rxc3 g5 38. hxg5 hxg5 39. g4 fxg4 40. Rc4 Ke5 41. Rxg4 Kf5 42. Rb4 Ke5 43. Kf3 Kf5 44. Rb5+ Kg6 45. Ke4 Ra2 46. Kf3 Kf6 47. Rd5 Kg6 48. Kg3 Kf6 49. f3 Ra3 50. e4 Ra1 51. Rd6+ Ke5 52. Rg6 Rg1+ 53. Kf2 Rh1 54. Rxg5+ Kd4 55. Rd5+ Kc4 56. Ke3 1-0


[Site "https://www.chess.com"]

[Event "Titled Tuesday Blitz April 4 Late 2023"]
[White "K2JW"]
[Black "Bruedigam, Martin"]
[BlackFideId "24608033"]
[WhiteElo "2326"]
[BlackElo "2331"]
[Result "0-1"]
[Round "02"]
[TimeControl "180+2"]
[Date "2023.04.04"]
[WhiteClock "0:00:20"]
[BlackClock "0:00:53"]

1. d4 Nf6 2. c4 e6 3. Nf3 a6 4. e3 d5 5. c5 b6 6. cxb6 c5 7. Nc3 cxd4 8. Qxd4 Nc6 9. Qa4 Qxb6 10. Bb5 Bb7 11. Bxc6+ Qxc6 12. Qxc6+ Bxc6 13. O-O Bd6 14. b3 Ke7 15. Bb2 Rhc8 16. Rac1 Rc7 17. Nd4 Bd7 18. Rfd1 Rac8 19. Nce2 Ne4 20. f3 Rxc1 21. Rxc1 Rxc1+ 22. Bxc1 Nc5 23. Ba3 e5 24. Nc2 Bc6 25. Nc3 Ke6 26. Kf1 h5 27. Ke2 h4 28. h3 g5 29. Kd2 f5 30. Nb4 Bb7 31. Kc2 a5 32. Nd3 Nxd3 33. Bxd6 Ne1+ 34. Kd2 Nxg2 35. Bc7 Nxe3 36. Kxe3 d4+ 37. Kd2 dxc3+ 38. Kxc3 Bxf3 39. Kd2 g4 40. Ke3 Bd5 41. Kf2 g3+ 42. Kf1 f4 43. Bxa5 Kf5 44. Bc3 e4 45. Bd4 e3 46. Ke2 Ke4 47. Bc5 f3+ 48. Kf1 Be6 0-1


[Site "https://www.chess.com"]

[Event "Titled Tuesday Blitz April 4 Late 2023"]
[White "Richter, Paul"]
[Black "Kirillov, Dmitry"]
[WhiteFideId "2046350"]
[BlackFideId "34180572"]
[WhiteElo "2527"]
[BlackElo "2111"]
[Result "1-0"]
[Round "02"]
[TimeControl "180+2"]
[Date "2023.04.04"]
[WhiteClock "0:00:41"]
[BlackClock "0:00:35"]

1. e4 Nf6 2. e5 Nd5 3. c4 Nb6 4. d4 d6 5. exd6 cxd6 6. Nc3 g6 7. Be3 Bg7 8. Rc1 O-O 9. b3 Nc6 10. d5 Ne5 11. Be2 f5 12. g3 Ng4 13. Bxg4 fxg4 14. Nge2 e5 15. dxe6 Bxe6 16. Nf4 Bf5 17. O-O g5 18. Nfd5 Nd7 19. Bd4 Ne5 20. Bxe5 Bxe5 21. Re1 h5 22. Qd2 Kg7 23. Nb5 h4 24. Rxe5 dxe5 25. Qe3 e4 26. Qd4+ Kg6 27. Re1 a6 28. Nbc7 Rc8 29. Qe5 Re8 30. Nxe8 Qxe8 31. Ne7+ 1-0


[Site "https://www.chess.com"]

[Event "Titled Tuesday Blitz April 4 Late 2023"]
[White "Romero Ruscalleda, Josep"]
[Black "Zeynalli, Rashad"]
[WhiteFideId "2231859"]
[BlackFideId "13403320"]
[WhiteElo "2183"]
[BlackElo "2125"]
[Result "1-0"]
[Round "02"]
[TimeControl "180+2"]
[Date "2023.04.04"]
[WhiteClock "0:01:07"]
[BlackClock "0:00:14"]

1. e4 c5 2. c3 Nf6 3. e5 Nd5 4. Nf3 d6 5. Bc4 Nb6 6. e6 Bxe6 7. Bxe6 fxe6 8. Ng5 Qd7 9. Qf3 Qc6 10. Qf7+ Kd7 11. Qxe6+ Kc7 12. O-O N8d7 13. d4 Qd5 14. Na3 Re8 15. c4 Qxe6 16. Nxe6+ Kc8 17. d5 g6 18. b3 h5 19. Bb2 Rg8 20. Rfe1 Bh6 21. f4 Nf8 22. g3 a6 23. Nc2 Nbd7 24. Nxf8 Nxf8 25. Re2 Bg7 26. Bxg7 Rxg7 27. Rae1 Kd7 28. a3 e6 29. b4 cxb4 30. axb4 Rge7 31. dxe6+ Rxe6 32. Kf2 Rc8 33. Ne3 Re4 34. Rd2 Ne6 35. Red1 Rc6 36. b5 axb5 37. cxb5 Rb6 38. Nd5 Rxb5 39. Nf6+ Ke7 40. Nxe4 1-0


[Site "https://www.chess.com"]

[Event "Titled Tuesday Blitz April 4 Late 2023"]
[White "Tifferet, Shaked"]
[Black "Schuster, Karsten"]
[WhiteFideId "2811529"]
[BlackFideId "4611071"]
[WhiteElo "2142"]
[BlackElo "2294"]
[Result "0-1"]
[Round "02"]
[TimeControl "180+2"]
[Date "2023.04.04"]
[WhiteClock "0:00:12"]
[BlackClock "0:00:08"]

1. h3 d5 2. c3 c5 3. d4 cxd4 4. cxd4 Bf5 5. Nc3 e6 6. Qb3 Nc6 7. Qxb7 Nge7 8. e3 Rb8 9. Qa6 Rb6 10. Qa4 Nc8 11. Bb5 Qc7 12. Nf3 Bd6 13. Bxc6+ Rxc6 14. Bd2 Nb6 15. Qa5 Bd3 16. Nb5 Bxb5 17. Qxb5 O-O 18. O-O Nc4 19. b3 Rb8 20. Qa4 Nxd2 21. Nxd2 Rb4 22. Qa3 Rxd4 23. Qb2 Rb4 24. Rac1 Rbb6 25. Nf3 Rxc1 26. Rxc1 Rc6 27. Rxc6 Qxc6 28. g3 Bb4 29. Nd4 Qc5 30. Nc2 Bc3 31. Qa3 Qxa3 32. Nxa3 a6 33. Kf1 Kf8 34. Ke2 Ke7 35. Nb1 Bb4 36. a3 Bc5 37. b4 Bd6 38. Nc3 Kd7 39. Kd3 Kc6 40. e4 a5 41. exd5+ exd5 42. b5+ Kc5 43. a4 Be5 44. Na2 Bb2 45. Kc2 Bd4 46. Kb3 Bxf2 47. g4 Bg3 48. Nc1 Be5 49. Nd3+ Kd4 50. Ne1 Bg3 51. Ng2 Ke4 52. b6 d4 53. b7 d3 54. Kc3 Be5+ 55. Kd2 Kd4 56. Ne1 Bf4+ 57. Kd1 Kc3 58. Ng2 Be5 59. Ne3 Kb4 60. Nf5 g6 61. Ne7 Kxa4 62. Nc6 Bc7 63. b8=Q Bxb8 64. Nxb8 Kb3 65. Nd7 a4 66. Nc5+ Kb4 67. Nxd3+ Kc3 68. Nc1 a3 69. Ne2+ Kb2 70. Kd2 a2 71. Nc1 a1=Q 72. Nd3+ Kb3 73. Nc5+ Kc4 74. Ne4 Qd4+ 75. Ke2 Qxe4+ 76. Kf2 Qf4+ 77. Kg2 Kd3 78. h4 Ke2 79. h5 Qxg4+ 80. Kh2 Kf2 81. Kh1 Qh4# 0-1


[Site "https://www.chess.com"]

[Event "Titled Tuesday Blitz April 4 Late 2023"]
[White "McNeill, Gordon"]
[Black "Korkmaz, Necmettin"]
[WhiteFideId "30920760"]
[BlackFideId "6303285"]
[WhiteElo "2103"]
[BlackElo "2097"]
[Result "1-0"]
[Round "02"]
[TimeControl "180+2"]
[Date "2023.04.04"]
[WhiteClock "0:00:11"]
[BlackClock "0:00:17"]

1. e4 e5 2. Nf3 Nc6 3. Bc4 Nf6 4. d4 exd4 5. e5 d5 6. Bb5 Ne4 7. Nxd4 Bc5 8. Be3 Bd7 9. Bxc6 bxc6 10. Nd2 Nxd2 11. Qxd2 Bb6 12. Nb3 O-O 13. O-O f6 14. exf6 Qxf6 15. c3 Rae8 16. Rae1 Qg6 17. Kh1 Bf5 18. Nd4 Bd3 19. Rg1 c5 20. Ne2 Bxe2 21. Qxd5+ Qf7 22. Qxf7+ Rxf7 23. Rxe2 c4 24. Rge1 Bxe3 25. fxe3 Re4 26. Rd2 h6 27. Kg1 Rfe7 28. Kf2 Rf7+ 29. Ke2 Rfe7 30. Kf3 Rh4 31. h3 Rh5 32. Rd4 Rf5+ 33. Kg3 Rc5 34. e4 Kh7 35. Rf1 Rg5+ 36. Kh2 Rc5 37. Re1 h5 38. Re2 h4 39. Kg1 Kh6 40. Rd8 Kg5 41. Ra8 a5 42. a3 Rce5 43. Ra6 Kf4 44. Rc6 Rxe4 45. Rxe4+ Rxe4 46. Rxc7 Re2 47. Rxc4+ Ke3 48. Rxh4 Rxb2 49. Ra4 Rb5 50. Kh2 Kd3 51. Rg4 Kxc3 52. Rxg7 Rb3 53. h4 Rxa3 54. h5 Kb4 55. h6 Rc3 56. Rg4+ Kb5 57. h7 Rc8 58. Rg8 Rxg8 59. hxg8=Q 1-0


[Site "https://www.chess.com"]

[Event "Titled Tuesday Blitz April 4 Late 2023"]
[White "Kokoszczynski, Jan"]
[Black "Jiganchine, Roman"]
[WhiteFideId "1174460"]
[BlackFideId "2603667"]
[WhiteElo "2139"]
[BlackElo "2319"]
[Result "1-0"]
[Round "02"]
[TimeControl "180+2"]
[Date "2023.04.04"]
[WhiteClock "0:00:09"]
[BlackClock "0:00:01"]

1. c4 c6 2. g3 d5 3. Bg2 Nf6 4. Nf3 Bf5 5. O-O e6 6. d3 h6 7. cxd5 exd5 8. Qc2 Be7 9. Nc3 O-O 10. e4 Bh7 11. Bf4 Na6 12. a3 Nc5 13. Rad1 dxe4 14. dxe4 Qb6 15. Rfe1 a5 16. Nd4 Rfe8 17. Nf5 Bf8 18. Nd6 Bxd6 19. Bxd6 Qb3 20. Qxb3 Nxb3 21. e5 Ng4 22. h3 Bc2 23. hxg4 Bxd1 24. Rxd1 a4 25. f4 Na5 26. Bf1 Nb3 27. Bc4 b5 28. Bxb3 axb3 29. Ne4 Rad8 30. Nc5 g5 31. Nxb3 f6 32. Rd2 fxe5 33. fxe5 c5 34. Kf2 c4 35. Nd4 Kf7 36. Nxb5 Rxe5 37. Bxe5 Rxd2+ 38. Ke3 Rd3+ 39. Ke2 Rb3 40. Nc7 Ke7 41. Bc3 1-0


[Site "https://www.chess.com"]

[Event "Titled Tuesday Blitz April 4 Late 2023"]
[White "Kujawski, Adam"]
[Black "Gubajdullin, Alexei"]
[WhiteFideId "1100920"]
[BlackFideId "4141202"]
[WhiteElo "2054"]
[BlackElo "2279"]
[Result "1/2-1/2"]
[Round "02"]
[TimeControl "180+2"]
[Date "2023.04.04"]
[WhiteClock "0:00:17"]
[BlackClock "0:01:30"]

1. e4 e5 2. Nf3 Nf6 3. d4 Nxe4 4. Bd3 d5 5. Nxe5 Nd7 6. Nxd7 Bxd7 7. O-O Be7 8. c4 c6 9. Nc3 Nxc3 10. bxc3 dxc4 11. Bxc4 O-O 12. Qf3 Bf6 13. a4 Qc8 14. Ba3 Re8 15. Rfe1 Be6 16. Bxe6 Rxe6 17. Re4 Rxe4 18. Qxe4 Qe8 19. Qxe8+ Rxe8 20. Kf1 b6 21. Rb1 h5 22. a5 b5 23. a6 Be7 24. Bxe7 Rxe7 25. c4 bxc4 26. Rb8+ Kh7 27. Rb7 Re4 28. Rxa7 Rxd4 29. Rc7 Rd1+ 30. Ke2 Ra1 31. Rxc6 Ra2+ 32. Kf3 c3 33. Rxc3 Rxa6 34. h4 Kg6 35. g3 f6 36. Re3 Ra5 37. Rd3 Kf5 38. Re3 g6 39. Rd3 Rb5 40. Re3 Rb4 41. Rd3 Rb5 42. Re3 Rc5 43. Rd3 Re5 44. Rc3 Rd5 45. Rb3 Rc5 46. Ra3 g5 47. hxg5 fxg5 48. Kg2 Rb5 49. Rc3 Rd5 50. Rc4 Ke5 51. Rb4 Kf5 52. Ra4 Re5 53. Rb4 Re4 54. Rb5+ Re5 55. Rxe5+ Kxe5 56. f4+ gxf4 57. gxf4+ Kxf4 58. Kh3 Kg5 59. Kg3 h4+ 60. Kh3 Kh5 61. Kg2 Kg4 62. Kh2 h3 63. Kh1 Kh4 64. Kg1 Kg3 65. Kh1 h2 1/2-1/2


[Site "https://www.chess.com"]

[Event "Titled Tuesday Blitz April 4 Late 2023"]
[White "Grycel, Kamil"]
[Black "Muhammad, Shahzeb"]
[WhiteFideId "1115499"]
[BlackFideId "7804806"]
[WhiteElo "2518"]
[BlackElo "1902"]
[Result "1-0"]
[Round "02"]
[TimeControl "180+2"]
[Date "2023.04.04"]
[WhiteClock "0:00:08"]
[BlackClock "0:00:01"]

1. d4 Nf6 2. Nf3 e6 3. Bf4 d5 4. c3 Bd6 5. Bg3 O-O 6. e3 c5 7. Nbd2 Qc7 8. Bd3 Nbd7 9. O-O e5 10. e4 exd4 11. cxd4 Bxg3 12. hxg3 dxe4 13. Nxe4 Nxe4 14. Bxe4 Nf6 15. Re1 cxd4 16. Rc1 Qa5 17. Qxd4 Qxa2 18. Bb1 Qa5 19. Re7 Rd8 20. Qf4 h6 21. g4 Bxg4 22. Ne5 Be6 23. Rxe6 fxe6 24. b4 Qd5 25. Ng6 Qd2 26. Qc7 Rd7 27. Qc4 Qd5 28. Qe2 Rad8 29. Ba2 Qd2 30. Qxe6+ Kh7 31. Rf1 Kxg6 32. Bb1+ Rd3 33. f4 Kh7 34. Qf5+ Kh8 35. Qg6 Qe3+ 36. Kh1 Qd4 37. Re1 1-0


[Site "https://www.chess.com"]

[Event "Titled Tuesday Blitz April 4 Late 2023"]
[White "Vifleemskaia, Svetlana"]
[Black "Vovk, Orest"]
[WhiteFideId "4129490"]
[BlackFideId "14113490"]
[WhiteElo "1930"]
[BlackElo "2215"]
[Result "0-1"]
[Round "02"]
[TimeControl "180+2"]
[Date "2023.04.04"]
[WhiteClock "0:00:03"]
[BlackClock "0:00:08"]

1. d4 e5 2. dxe5 Nc6 3. Nf3 Qe7 4. Bf4 Qb4+ 5. Bd2 Qxb2 6. Nc3 Bb4 7. Rb1 Qxc3 8. Bxc3 Bxc3+ 9. Nd2 Nxe5 10. e3 Nf6 11. Bd3 d5 12. O-O O-O 13. h3 c6 14. Nf3 Nxf3+ 15. Qxf3 b5 16. e4 dxe4 17. Bxe4 Nxe4 18. Qxe4 Be6 19. Qxc6 b4 20. a3 a5 21. axb4 axb4 22. Rfd1 Bf5 23. Rdc1 Rab8 24. Qd5 Bg6 25. h4 Rfd8 26. Qc4 h6 27. g3 Rbc8 28. Qg4 h5 29. Qe2 Rd2 30. Qb5 Rd4 31. Qb7 Re8 32. Qb5 Re6 33. Qb8+ Kh7 34. Qb5 Red6 35. Qa4 f5 36. Rb3 f4 37. Qa8 fxg3 38. fxg3 Rg4 39. Rxc3 bxc3 40. Qf3 Rd2 41. Qxc3 Re2 42. Kf1 Rh2 43. Kg1 Rhxh4 44. Kg2 Be4+ 45. Kf2 Rh2+ 46. Kg1 Rh1+ 47. Kf2 Rxc1 48. Qe3 Rxc2+ 49. Ke1 Bg6 50. Kd1 Ra4 0-1


[Site "https://www.chess.com"]

[Event "Titled Tuesday Blitz April 4 Late 2023"]
[White "Loiacono, Antonio"]
[Black "Fajdetic, Hrvoje"]
[WhiteFideId "895415"]
[BlackFideId "14501945"]
[WhiteElo "2257"]
[BlackElo "2185"]
[Result "1-0"]
[Round "02"]
[TimeControl "180+2"]
[Date "2023.04.04"]
[WhiteClock "0:01:08"]
[BlackClock "0:01:48"]

1. e4 e6 2. d4 d5 3. Nc3 dxe4 4. Nxe4 Nd7 5. g3 Ngf6 6. Nxf6+ Nxf6 7. Bg2 Bd6 8. Nf3 O-O 9. O-O Rb8 10. c4 c5 11. dxc5 Bxc5 12. Bf4 Ra8 13. Qxd8 Rxd8 14. Rfd1 Bd7 15. Ne5 Be8 16. Bxb7 Rxd1+ 17. Rxd1 Rb8 18. Bf3 Rxb2 19. Nd3 Bxf2+ 20. Nxf2 Rxa2 21. Rd8 Ra6 22. Ne4 Kf8 23. Bd6+ Rxd6 24. Rxd6 1-0


[Site "https://www.chess.com"]

[Event "Titled Tuesday Blitz April 4 Late 2023"]
[White "Kohler, Aran"]
[Black "Mei, Austin"]
[WhiteFideId "1002856"]
[BlackFideId "30948479"]
[WhiteElo "2297"]
[BlackElo "2125"]
[Result "0-1"]
[Round "02"]
[TimeControl "180+2"]
[Date "2023.04.04"]
[WhiteClock "0:00:05"]
[BlackClock "0:01:39"]

1. d4 Nf6 2. Nf3 g6 3. c3 Bg7 4. Bg5 O-O 5. Nbd2 d5 6. Bxf6 Bxf6 7. e4 dxe4 8. Nxe4 Bg7 9. Bd3 Nc6 10. Qb3 e5 11. d5 Na5 12. Qa3 Qxd5 13. Rd1 Nc4 14. Qb3 Nb6 15. c4 Qa5+ 16. Nfd2 Bg4 17. f3 Be6 18. O-O h6 19. Nf2 Rad8 20. a3 Na4 21. Bc2 Nc5 22. Qc3 Qxc3 23. bxc3 f5 24. Nb3 Na4 25. Rxd8 Rxd8 26. Na5 Nxc3 27. Nxb7 Rd2 28. Bb3 Bf8 29. Rc1 Ne2+ 0-1


[Site "https://www.chess.com"]

[Event "Titled Tuesday Blitz April 4 Late 2023"]
[White "Goffredo_Fofi"]
[Black "Fernandez Sanchez, Mario Andres"]
[BlackFideId "6501621"]
[WhiteElo "2507"]
[BlackElo "2050"]
[Result "1-0"]
[Round "02"]
[TimeControl "180+2"]
[Date "2023.04.04"]
[WhiteClock "0:00:05"]
[BlackClock "0:00:24"]

1. e4 c5 2. d3 Nc6 3. g3 g6 4. Bg2 Bg7 5. f4 e6 6. Nf3 Nge7 7. O-O O-O 8. c3 d5 9. e5 h5 10. Be3 b6 11. Bf2 Ba6 12. Re1 Nf5 13. Na3 Rc8 14. Nc2 Qc7 15. h3 Rfd8 16. g4 hxg4 17. hxg4 Nh6 18. Bh3 Ne7 19. Qd2 d4 20. c4 Bb7 21. Kg2 Qc6 22. Qe2 b5 23. b3 bxc4 24. bxc4 Rf8 25. Kg3 Rb8 26. Bg2 f5 27. exf6 Bxf6 28. Qxe6+ Qxe6 29. Rxe6 Nxg4 30. Rxe7 Bxe7 31. Kxg4 Bd6 32. Nce1 Bc8+ 33. Kg5 Bxf4+ 34. Kh4 g5+ 35. Nxg5 Bxg5+ 36. Kxg5 Rxf2 37. Bd5+ Kg7 38. Nf3 Bb7 39. Ne5 Bxd5 40. cxd5 Rd8 41. Nc4 Rxd5+ 42. Kg4 Rc2 43. Rb1 Rc3 44. Rb7+ Kf6 45. Nb2 Rc2 46. a4 Rd6 47. Nc4 Ra6 48. Rc7 Rxa4 49. Rxc5 Rc3 50. Rc6+ Ke7 51. Kf5 Rxd3 52. Rc7+ Kd8 53. Rb7 Re3 54. Nxe3 dxe3 55. Rb3 e2 56. Re3 Ra2 57. Ke4 Kc7 58. Kf3 Kc6 59. Rxe2 Ra3+ 60. Re3 Ra2 61. Rb3 a5 62. Ke3 Kc5 63. Kd3 Rh2 64. Kc3 Rh3+ 65. Kb2 a4 66. Rxh3 Kb4 67. Rh4+ Kb5 68. Ka3 Kc5 69. Rxa4 1-0


[Site "https://www.chess.com"]

[Event "Titled Tuesday Blitz April 4 Late 2023"]
[White "Tsyhanchuk, Stanislav"]
[Black "Roebers, Eline"]
[WhiteFideId "13505130"]
[BlackFideId "1058401"]
[WhiteElo "2173"]
[BlackElo "2506"]
[Result "0-1"]
[Round "02"]
[TimeControl "180+2"]
[Date "2023.04.04"]
[WhiteClock "0:00:10"]
[BlackClock "0:00:57"]

1. c4 f5 2. d4 Nf6 3. Nc3 g6 4. g3 Bg7 5. Bg2 O-O 6. Nf3 d6 7. O-O Qe8 8. d5 Na6 9. h3 Bd7 10. a3 c6 11. Nd4 Nc7 12. Be3 h6 13. Qd2 g5 14. dxc6 bxc6 15. Nf3 Qh5 16. c5 f4 17. gxf4 Bxh3 18. fxg5 Qg4 19. Ne1 Bxg2 20. Nxg2 Nfd5 21. f3 Qh3 22. Bf2 Be5 23. Rfd1 Qh2+ 24. Kf1 Qh1+ 25. Bg1 Bh2 26. Qd4 Ne6 27. Qf2 Nxg5 28. Nxd5 cxd5 29. Qe3 e5 30. Kf2 Nh3+ 31. Ke1 Bxg1 32. Qxh6 Be3# 0-1


[Site "https://www.chess.com"]

[Event "Titled Tuesday Blitz April 4 Late 2023"]
[White "Aggelis, Nikolaos"]
[Black "Zampronha, Wladimir Camilo"]
[WhiteFideId "4213220"]
[BlackFideId "2103087"]
[WhiteElo "2189"]
[BlackElo "2176"]
[Result "1/2-1/2"]
[Round "02"]
[TimeControl "180+2"]
[Date "2023.04.04"]
[WhiteClock "0:00:57"]
[BlackClock "0:01:22"]

1. c4 Nf6 2. Nc3 e6 3. g3 d5 4. d4 Be7 5. Bg2 O-O 6. Nf3 dxc4 7. O-O Nc6 8. e4 a6 9. d5 exd5 10. exd5 Nb4 11. Ne5 Bf5 12. Nxc4 Nc2 13. Ne3 Nxe3 14. Bxe3 Bd6 15. Qb3 Qd7 16. Rad1 Rfe8 17. Rd2 b6 18. Qc4 b5 19. Qh4 b4 20. Ne2 Ne4 21. Rdd1 Be7 22. Qf4 Bd6 23. Qh4 Be7 24. Qf4 Bd6 25. Qh4 1/2-1/2


[Site "https://www.chess.com"]

[Event "Titled Tuesday Blitz April 4 Late 2023"]
[White "Senthilkumar, Pranav"]
[Black "olga-belka"]
[WhiteFideId "2083477"]
[WhiteElo "1860"]
[BlackElo "2286"]
[Result "0-1"]
[Round "02"]
[TimeControl "180+2"]
[Date "2023.04.04"]
[WhiteClock "0:02:32"]
[BlackClock "0:01:56"]

1. Nf3 Nf6 2. b3 g6 3. Bb2 d5 4. g3 Bg7 5. Bg2 O-O 6. O-O c5 7. e3 Nc6 8. d4 b6 9. dxc5 bxc5 10. c4 e6 11. cxd5 exd5 12. Nc3 Ba6 13. Re1 Re8 14. Qd2 Qd7 15. Rad1 Rad8 16. Na4 Qe7 17. Qc1 Ne4 18. Bxg7 Kxg7 19. Nd2 Nb4 20. Qc3+ Nxc3 21. Nxc3 d4 22. Nce4 Nc2 0-1


[Site "https://www.chess.com"]

[Event "Titled Tuesday Blitz April 4 Late 2023"]
[White "Lock, Gavin R"]
[Black "Becerra, Juan David"]
[WhiteFideId "408646"]
[BlackFideId "4404998"]
[WhiteElo "2104"]
[BlackElo "2276"]
[Result "0-1"]
[Round "02"]
[TimeControl "180+2"]
[Date "2023.04.04"]
[WhiteClock "0:00:01"]
[BlackClock "0:01:15"]

1. d4 Nf6 2. Bf4 d5 3. e3 c5 4. Nf3 Nc6 5. Nbd2 Bg4 6. c3 e6 7. Qa4 Nd7 8. Bb5 Qc8 9. Ne5 Ndxe5 10. Bxe5 f6 11. Bg3 a6 12. Bxc6+ Qxc6 13. Qxc6+ bxc6 14. Nb3 c4 15. Na5 Kd7 16. Kd2 Bf5 17. b4 h5 18. h4 Be7 19. a4 Bd8 20. Nb7 Bb6 21. a5 Ba7 22. f3 Bd3 23. Rhe1 Rh6 24. Bf4 Rh7 25. e4 Rg8 26. Nc5+ Bxc5 27. bxc5 g5 28. hxg5 fxg5 29. Be5 g4 30. exd5 cxd5 31. f4 h4 32. Ke3 h3 33. Rh1 Be4 0-1


[Site "https://www.chess.com"]